 Dungeon Crawl Stone Soup version 0.30-a0-632-g346586fe48 (webtiles) character file.

Game seed: 10955487768441157204

419164 warriortoast the Impregnable (level 23, -1/189 HPs)
             Began as a Barachi Warper on Jan 12, 2023.
             Was the Champion of Hepliaklqana.
             Killed from afar by an ice dragon (15 damage)
             ... with a blast of cold
             ... on level 4 of the Depths on Jan 13, 2023.
             The game lasted 04:29:26 (68519 turns).

warriortoast the Impregnable (Barachi Warper)      Turns: 68519, Time: 04:29:27

Health: -1/189     AC: 49    Str: 27    XL:     23   Next: 67%
Magic:  30/42      EV: 16    Int: 16    God:    Hepliaklqana [******]
Gold:   2002       SH: 22    Dex: 16    Spells: 43/52 levels left

rFire   + + +      SeeInvis .    j - +9 flail (heavy)
rCold   + . .      Faith    .    I - +0 tower shield {rC+}
rNeg    + . .      Spirit   .    X - +11 crystal plate armour
rPois   .          Reflect  .    Y - +2 hat "Taisas" {rF+ Dex+2}
rElec   .          Harm     .    y - +1 cloak of Starlight {*Dazzle EV+4 Stlth--}
rCorr   .          Rampage  .    N - +1 pair of gloves {Stlth+}
Will    +....                    (no boots) Stlth
                                 S - amulet of regeneration
HPRegen 1.31/turn                v - ring "Ijuakoufru" {rF++ rN+ Str+6 Int+2 Stlth-}
MPRegen 0.28/turn                g - +5 ring of evasion

@: flayed, studying Spellcasting, slow
A: reduced essence, amphibious, slowness 1, strong legs 2, +LOS
}: 2/15 runes: barnacled, gossamer
a: Hop, Renounce Religion, Recall Ancestor, Ancestor Identity, Transference,
Idealise


You were on level 4 of the Depths.
You worshipped Hepliaklqana.
Hepliaklqana was exalted by your worship.
You visited 9 branches of the dungeon, and saw 39 of its levels.
You visited the Abyss 2 times.
You also visited: Sewer, Ossuary, Ice Cave, Volcano and Desolation.

You collected 4383 gold pieces.
You spent 2381 gold pieces at shops.

Inventory:

Hand Weapons
 j - a +9 heavy flail (weapon)
Missiles
 t - 8 boomerangs (quivered)
 L - 12 javelins
Armour
 y - the +1 cloak of Starlight (worn) {*Dazzle EV+4 Stlth--}
   (You bought it in a shop on level 1 of the Dungeon)

   *Dazzle:   It may blind those who miss an attack against the wearer in melee
   combat.
   EV:        It affects your evasion (+4).
   Stlth:     It makes you much less stealthy.
 B - the +3 plate armour of Noon {rElec rN+ Str+2}
   (You found it on level 2 of the Vaults)

   Str:       It affects your strength (+2).
   rElec:     It insulates you from electricity.
   rN:        It protects you from negative energy.
 G - a +2 buckler of protection
 I - a +0 tower shield of cold resistance (worn)
 N - a +1 pair of gloves of stealth (worn)
 X - a +11 crystal plate armour (worn)
 Y - the +2 hat "Taisas" (worn) {rF+ Dex+2}
   (You found it on level 4 of the Spider Nest)

   Dex:       It affects your dexterity (+2).
   rF:        It protects you from fire.
Jewellery
 b - a ring of poison resistance
 g - a +5 ring of evasion (right hand)
 k - a ring of see invisible
 v - the ring "Ijuakoufru" (left hand) {rF++ rN+ Str+6 Int+2 Stlth-}
   (You bought it in a shop on level 1 of the Dungeon)

   [ring of strength]

   Str:       It affects your strength (+6).
   Int:       It affects your intelligence (+2).
   rF:        It greatly protects you from fire.
   rN:        It protects you from negative energy.
   Stlth:     It makes you less stealthy.
 H - a ring of fire
 M - an amulet of the acrobat
 R - the amulet "Rieppy" {Spirit rF+++}
   (You found it on level 2 of the Depths)

   [amulet of guardian spirit]

   It causes incoming damage to be divided between your reserves of health and
   magic.
   rF:        It renders you almost immune to fire.
 S - an amulet of regeneration (around neck)
Wands
 a - a wand of polymorph (8)
 d - a wand of flame (62)
 o - a wand of light (8)
 w - a wand of digging (8)
 C - a wand of mindburst (7)
 O - a wand of paralysis (13)
 Q - a wand of roots (27)
Scrolls
 c - a scroll of blinking
 i - 3 scrolls of teleportation
 n - a scroll of amnesia
 p - a scroll of brand weapon
 q - 14 scrolls of identify
 s - 10 scrolls of fog
 J - 4 scrolls of fear
 K - 4 scrolls of magic mapping
 P - 3 scrolls of silence
Potions
 e - 8 potions of resistance
 f - 3 potions of invisibility
 h - a potion of magic
 l - 5 potions of haste
 m - 4 potions of berserk rage
 r - 15 potions of curing
 u - a potion of heal wounds
 x - 7 potions of brilliance
 z - 9 potions of might
 A - 3 potions of cancellation
 D - 6 potions of ambrosia
 E - 8 potions of lignification
 F - 8 potions of flight


   Skills:
 + Level 24.8 Fighting
 - Level 14.0 Maces & Flails
 - Level 8.0 Throwing
 + Level 25.3 Armour
 - Level 2.1 Dodging
 + Level 19.9 Shields
 - Level 15.0 Spellcasting
 - Level 15.0 Translocations


You had 43 spell levels left.
You knew the following spells:

 Your Spells              Type           Power      Damage    Failure   Level
a - Manifold Assault      Tloc           56%        N/A       1%          4
b - Vhi's Electric Charg  Tloc/Air       72%        N/A       12%         3
c - Blink                 Tloc           100%       N/A       1%          2

Your spell library contained the following spells:

 Spells                   Type           Power      Damage    Failure   Level
 Lesser Beckoning         Tloc           100%       N/A       1%          3
 Teleport Other           Tloc           56%        N/A       1%          3
 Portal Projectile        Hex/Tloc       72%        N/A       12%         3
 Freeze                   Ice            48%        1d6       63%         1
 Necrotise                Necr           48%        1d6       63%         1
 Sandblast                Erth           24%        2d8       63%         1
 Ensorcelled Hibernation  Hex/Ice        24%        N/A       77%         2
 Passwall                 Tmut/Erth      10%        N/A       77%         2
 Call Canine Familiar     Summ           12%        N/A       94%         3
 Dazzling Flash           Conj/Hex       24%        N/A       94%         3
 Frozen Ramparts          Ice            24%        1d4       94%         3
 Hailstorm                Conj/Ice       12%        3d5       94%         3
 Spider Form              Tmut/Pois      12%        N/A       94%         3
 Stone Arrow              Conj/Erth      24%        3d8       94%         3
 Tukima's Dance           Hex            12%        N/A       94%         3
 Vampiric Draining        Necr           12%        2d6       94%         3
 Anguish                  Hex/Necr       6%         N/A       100%        4
 Animate Armour           Summ/Erth      24%        N/A       100%        4
 Ice Form                 Ice/Tmut       12%        N/A       100%        4
 Leda's Liquefaction      Hex/Erth       6%         N/A       100%        4
 Petrify                  Tmut/Erth      12%        N/A       100%        4
 Summon Ice Beast         Ice/Summ       12%        N/A       100%        4
 Agony                    Necr           12%        N/A       100%        5
 Blade Hands              Tmut           6%         N/A       100%        5
 Fireball                 Conj/Fire      6%         3d5       100%        5
 Iskenderun's Battlesphe  Conj           12%        2d7       100%        5
 Metabolic Englaciation   Hex/Ice        6%         N/A       100%        5
 Silence                  Hex/Air        6%         N/A       100%        5
 Summon Mana Viper        Hex/Summ       12%        N/A       100%        5
 Conjure Ball Lightning   Conj/Air       6%         3x3d6     100%        6
 Iron Shot                Conj/Erth      6%         9d2       100%        6
 Simulacrum               Ice/Necr       6%         N/A       100%        6
 Statue Form              Tmut/Erth      8%         N/A       100%        6
 Malign Gateway           Summ/Tloc      18%        N/A       100%        7
 Monstrous Menagerie      Summ           6%         N/A       100%        7
 Orb of Destruction       Conj           6%         9d6       100%        7
 Ozocubu's Refrigeration  Ice            6%         4d8       100%        7
 Dragon's Call            Summ           6%         N/A       100%        9


Dungeon Overview and Level Annotations

Branches:
Dungeon (15/15)            Temple (1/1) D:6            Lair (5/5) D:10
 Shoals (4/4) Lair:2       Spider (4/4) Lair:3        Slime (0/5) Lair:5
    Orc (2/2) D:12            Elf (1/3) Orc:2        Vaults (3/5) D:13
  Crypt (0/3) Vaults:2     Depths (4/4) D:15            Zot (0/5) Depths:4
  Sewer (visited)         Ossuary (visited)           IceCv (visited)
Volcano (visited)         Desolation (visited)

Altars:
Ashenzari
Cheibriados
Dithmenos
Elyvilon
Fedhas
Gozag
Hepliaklqana
Makhleb
Nemelex Xobeh
Okawaru
Qazlal
Ru
Sif Muna
Trog
Uskayaw
Vehumet
Wu Jian
Yredelemnul
Zin
The Shining One
Jiyva
Lugonu

Shops:
D:1 =(=[   Orc:2 *[*([   Elf:1 =((!   Vaults:2 (

Portals:
Hell: Depths:1 Depths:2
Abyss: Lair:5
Pandemonium: Depths:1 Depths:2
Ziggurat: Depths:2

Annotations:
Depths:2 exclusion: downstairs


Innate Abilities, Weirdness & Mutations

Your life essence is reduced to manifest your ancestor. (-10% HP)
You are amphibious.
You cover ground slowly.
You can hop long distances.
You have an extended range of vision and can be seen from far away.


Message History

You feel very sick.
You feel very sick.
You feel sick.
You feel sick.
You feel sick.
The storm dragon breathes lightning at you.
The bolt of lightning hits Amenemopet!
The bolt of lightning hits you!!
Amenemopet blocks the storm dragon's attack.
The storm dragon claws Amenemopet but does no damage.
Amenemopet blocks the storm dragon's attack.
You hear a shout!
There is a stone staircase leading up here.
You feel sick.
Amenemopet hits the storm dragon with a +0 broad axe of flaming!
Amenemopet burns the storm dragon.
Amenemopet hits the storm dragon with a +0 broad axe of flaming!
Amenemopet burns the storm dragon.
Amenemopet blocks the storm dragon's attack.
The storm dragon claws Amenemopet but does no damage.
Amenemopet blocks the storm dragon's attack.
You climb upwards.
The spriggan defender shouts!
You feel sick.
There is a stone staircase leading down here.
Amenemopet is recalled.
You feel sick.
You are no longer poisoned.
A flayed ghost comes into view.
The flayed ghost cries, "Suffer as I suffered!"
Terrible wounds open up all over your body!
* * * LOW HITPOINT WARNING * * *
You climb downwards.
The storm dragon breathes lightning at you.
The bolt of lightning hits you!!
* * * LOW HITPOINT WARNING * * *
The bolt of lightning hits you!
* * * LOW HITPOINT WARNING * * *
The ice dragon breathes frost at you. The blast of cold hits you! You resist.
You die...

~~.###.........#
....#+.........#
.[.###.........#
'#.# ##'########
)#####...(.....#
....###........#
.....##........#
###...#........###
..##..#........R@#
...#..#.....?..#.#
∩..#..##########.#
...#..# #.#
..##..# #.####
'##...# #DD..#
.....## ####D#
....## #......#
##### #.####.#


You could see the friendly Amenemopet the knight (reflecting), a storm dragon
(catching breath) and an ice dragon (catching breath).

Vanquished Creatures
  An ancient lich (Abyss:3)
  The ghost of Mycling the Warrior, a veteran DsFi of Okawaru (Vaults:1)
  Margery (Vaults:2)
  4 golden dragons
  2 bone dragons
  A hellephant (Depths:1)
  A tentacled monstrosity (Depths:2)
  Jorgrun (D:13)
  Rupert (D:12)
  Mlioglotl (Spider:2)
  A titan (Shoals:4)
  4 tentacled starspawn
  3 sphinxes
  Agnes (Spider:2)
  2 tengu reavers
  2 storm dragons
  A shadow dragon (Depths:3)
  2 frost giants
  An iron dragon (Depths:3)
  7 vault wardens
  2 fire giants (Depths:3)
  2 ghost moths (Spider:4)
  3 emperor scorpions
  3 spectral caustic shrikes (Depths:2)
  3 orc warlords
  A draconian shifter (Depths:4)
  10 ironbound preservers
  8 very ugly things
  4 spriggan defenders
  A stone giant (Depths:1)
  An elemental wellspring (Shoals:1)
  An ironbound thunderhulk (Vaults:2)
  A red draconian (Depths:4)
  A vampire knight (Depths:3)
  6 spark wasps
  A deep elf annihilator (Elf:1)
  3 dire elephants (Vaults:3)
  2 purple draconians (Depths:4)
  5 ettins
  A crystal guardian (Vaults:3)
  5 fire dragons
  A deep elf death mage (Vaults:3)
  An entropy weaver (Vaults:2)
  3 merfolk javelineers
  A green death (Abyss:2)
  A ragged hierophant (Desolation)
  A great orb of eyes (Vaults:3)
  8 merfolk impalers
  2 vault guards
  3 yaktaur captains
  A catoblepas (shapeshifter) (Depths:4)
  6 centaur warriors
  A jorogumo (Spider:1)
  3 peacekeepers
  A catoblepas (D:13)
  An ogre mage (D:15)
  3 servants of whispers (Desolation)
  3 hydras
  3 spriggan air magi
  7 ice dragons
  7 ironbound frosthearts
  5 two-headed ogres
  A radroach (Spider:4)
  2 alligator snapping turtles
  3 merfolk avatars
  A death scarab (Spider:3)
  2 dancing weapons (Elf:1)
  5 deep troll shamans
  3 deep troll earth magi
  8 hell hogs
  5 merfolk aquamancers (Shoals:4)
  Urug (D:13)
  7 boulder beetles
  3 death yaks (IceCv)
  A vampire mage (D:15)
  A titan zombie (D:15)
  4 tengu warriors
  3 thrashing horrors
  A soul eater (Abyss:4)
  A spriggan berserker (Depths:3)
  The ghost of 2FriedEggs the Geomancer, a novice DgEE (D:8)
  2 orc high priests
  4 wretched stars
  3 deep elf knights (Elf:1)
  8 hell knights
  A fire crab (Shoals:3)
  4 iron trolls
  3 skeletal warriors
  5 pharaoh ants
  43 deep trolls
  2 glowing orange brains
  4 deep elf archers (Elf:1)
  7 sea snakes
  6 orb spiders
  3 wizards
  10 ironbound convokers
  4 orc knights
  8 deep elf zephyrmancers (Elf:1)
  13 deep elf pyromancers
  4 necromancers
  18 starcursed masses
  6 steelbarb worms
  A fire giant zombie (D:15)
  5 lindwurms
  4 fauns
  3 orc sorcerers
  13 harpies
  6 cyclopes
  12 manticores
  6 wolf spiders
  7 merfolk sirens
  18 ugly things
  A rust devil (Depths:1)
  A black mamba (Lair:1)
  10 demonic crawlers
  A toenail golem (Abyss:3)
  An apocalypse crab (Abyss:2)
  An ice statue (IceCv)
  7 vault sentinels
  A gargoyle (D:12)
  A guardian serpent (shapeshifter) (D:14)
  An elf skeleton (Vaults:2)
  8 cane toads
  A molten gargoyle (Desolation)
  3 smoke demons
  7 water nymphs
  3 rime drakes
  13 yaktaurs
  2 unseen horrors
  A kobold demonologist (D:10)
  5 komodo dragons
  A tengu conjurer (Depths:2)
  A freezing wraith (Vaults:3)
  2 tormentors
  2 ancient zymes
  A guardian mummy (D:15)
  8 polar bears (IceCv)
  A hellwing (Abyss:3)
  2 trolls (shapeshifter)
  A red devil (Depths:1)
  19 merfolk
  8 meliai
  6 trolls
  19 tarantellas
  7 wind drakes
  25 saltlings
  7 hornets
  22 blink frogs
  8 snapping turtles
  14 slime creatures
  12 culicivoras
  3 ynoxinuls
  6 jumping spiders
  6 spriggans
  5 wraiths
  A spriggan (shapeshifter) (Lair:5)
  2 air elementals (Shoals:4)
  4 shadows
  53 yaks
  A flying skull (Abyss:2)
  14 water elementals
  A fire elemental (Elf:1)
  11 humans (D:13)
  2 basilisks
  A fire bat (Shoals:3)
  6 wyverns
  2 vampire mosquitoes (D:14)
  4 chaos spawn
  2 neqoxecs
  12 large abominations
  31 redbacks
  7 steam dragons
  Edmund (D:5)
  A warg (Orc:1)
  A hell hound (Volcano)
  An acid dragon (D:8)
  7 water moccasins
  A floating eye (Depths:3)
  Duvessa (D:5)
  A deep troll simulacrum (Vaults:2)
  An ice beast (D:9)
  31 orc warriors
  3 sky beasts
  5 black bears
  An ettin simulacrum (Abyss:2)
  8 ogres
  4 centaurs
  21 wolves
  A phantom (D:4)
  7 kobold brigands
  2 elf zombies (Ossuary)
  16 bullfrogs
  2 necrophages (D:7)
  12 small abominations
  An earth elemental (Elf:1)
  A gnoll sergeant (D:5)
  6 scorpions
  12 wights
  Dowan (D:5)
  2 killer bees (D:11)
  A human simulacrum (Vaults:2)
  4 howler monkeys
  4 electric eels
  A centaur zombie (Ossuary)
  A quasit (Abyss:2)
  3 gnoll boudas
  2 hounds
  3 human zombies (Ossuary)
  12 orc priests
  2 iron imps (Abyss:2)
  3 jellies
  Jessica (D:3)
  2 iguanas
  15 orc wizards
  A hound zombie (Ossuary)
  3 mummies (Ossuary)
  11 gnolls
  6 adders
  A river rat (D:4)
  A white imp (D:4)
  4 adder zombies (Ossuary)
  4 worms
  3 dart slugs
  65 orcs
  25 bats
  5 endoplasms
  10 giant cockroaches
  8 goblins
  6 hobgoblins
  3 jackals (D:4)
  12 ball pythons
  4 frilled lizards
  3 goblin zombies (Ossuary)
  6 hobgoblin zombies (Ossuary)
  4 jackal zombies (Ossuary)
  37 kobolds
  3 kobold zombies (Ossuary)
  2 orc zombies (Ossuary)
  3 quokka zombies (Ossuary)
  10 rats
  3 rat zombies (Ossuary)
  2 starspawn tentacles
  4 tentacles (Shoals:3)
1312 creatures vanquished.

Vanquished Creatures (collateral kills)
  Saint Roka (D:15)
  Arachne (Spider:2)
  2 bone dragons
  the Enchantress (D:15)
  A hellephant (Depths:1)
  A lich (Depths:3)
  A walking divine tome (Depths:3)
  A titan (Depths:3)
  2 walking frostbound tomes (Depths:3)
  A kraken (Shoals:3)
  3 sphinxes
  A quicksilver dragon (Depths:1)
  3 tentacled starspawn
  A storm dragon (Depths:1)
  A draconian monk (Depths:4)
  3 emperor scorpions
  A fire giant (Depths:2)
  4 vault wardens
  A deep elf sorcerer (Elf:1)
  A balrug (Abyss:3)
  2 imperial myrmidons (Desolation)
  Aizul (Spider:2)
  A spectral caustic shrike (Depths:2)
  A ghost moth (Spider:4)
  3 stone giants
  6 very ugly things
  4 ironbound preservers
  A caustic shrike skeleton (D:15)
  A war gargoyle (Vaults:3)
  4 ironbound thunderhulks
  A broodmother (Spider:3)
  3 elemental wellsprings (Shoals:1)
  2 vampire knights
  A purple draconian (Depths:4)
  A dire elephant (Vaults:3)
  5 spark wasps
  Snorg (D:10)
  An ettin (Depths:1)
  3 yaktaur captains
  A deep elf death mage (Elf:1)
  4 merfolk javelineers
  7 ragged hierophants (Desolation)
  6 merfolk impalers
  3 entropy weavers
  4 peacekeepers
  2 great orbs of eyes
  3 servants of whispers (Desolation)
  3 ice dragons
  A rakshasa (Depths:3)
  An alligator snapping turtle (Shoals:2)
  5 centaur warriors
  4 ironbound frosthearts
  2 boulder beetles
  2 two-headed ogres
  Erica (D:9)
  2 dancing weapons (Elf:1)
  A merfolk aquamancer (Shoals:3)
  2 spriggan air magi
  2 satyrs
  2 deep troll earth magi
  6 deep troll shamans
  A tengu warrior (D:13)
  2 vampire magi
  2 hell hogs (Abyss:2)
  2 soul eaters (Depths:1)
  A thrashing horror (Abyss:4)
  A spriggan berserker (Depths:3)
  A deep elf knight (Elf:1)
  2 wretched stars (Abyss:2)
  Nergalle (Orc:1)
  3 hell knights
  3 iron trolls
  A skeletal warrior (D:13)
  A fire crab (Shoals:3)
  2 pharaoh ants
  A sun moth (Spider:1)
  5 large abominations
  16 deep trolls
  3 sea snakes
  An orb spider (Spider:3)
  4 lindwurms
  3 deep elf archers (Elf:1)
  3 deep elf pyromancers
  2 steelbarb worms
  2 wizards
  4 ironbound convokers
  12 harpies
  2 orc knights
  A mana viper (Abyss:2)
  10 wolf spiders
  2 necromancers
  8 manticores
  A will-o-the-wisp (Abyss:4)
  4 fauns
  3 merfolk sirens
  2 moths of wrath
  5 ugly things
  A black mamba (Lair:4)
  A water nymph (Shoals:3)
  A worldbinder (Abyss:2)
  Maurice (Orc:1)
  A rust devil (Depths:2)
  A guardian serpent (Desolation)
  3 vault sentinels
  A smoke demon (Volcano)
  2 demonic crawlers (Spider:2)
  A freezing wraith (Vaults:3)
  4 cane toads
  2 kobold demonologists
  6 yaktaurs
  An efreet (D:15)
  An ice devil (Depths:2)
  2 trolls
  A red devil (Depths:1)
  2 rime drakes (Lair:1)
  2 ancient zymes
  2 komodo dragons
  A yaktaur skeleton (Vaults:2)
  15 merfolk
  2 hornets (Spider:4)
  A meliai (Spider:3)
  A hellwing (Depths:1)
  3 polar bears (IceCv)
  5 wind drakes
  24 saltlings (Desolation)
  6 tarantellas
  6 blink frogs
  2 dream sheep (Shoals:4)
  4 jumping spiders
  6 slime creatures
  A snapping turtle (Shoals:4)
  A spriggan zombie (D:15)
  2 flying skulls (Abyss:2)
  6 air elementals
  19 yaks
  A ynoxinul (Abyss:4)
  A shadow (D:10)
  11 water elementals
  8 culicivoras
  2 spriggans (D:15)
  2 wraiths
  5 basilisks
  2 starcursed masses
  5 humans (D:13)
  A fire bat (Shoals:3)
  11 redbacks
  3 water moccasins
  11 orc warriors
  An ogre (Orc:2)
  7 centaurs
  4 wolves
  4 small abominations
  2 kobold brigands
  A necrophage (D:8)
  4 bullfrogs
  4 wights
  A killer bee (D:11)
  An electric eel (Spider:2)
  2 howler monkeys
  A crimson imp (Abyss:3)
  9 orc priests
  10 orc wizards
  35 orcs
  12 kobolds
  15 bats (Orc:1)
  2 butterflies (Lair:1)
  6 pillars of salt (Elf:1)
  4 starspawn tentacles (Abyss:2)
583 creatures vanquished.

Vanquished Creatures (others)
  A deep elf archer (Elf:1)
  2 yaktaurs (Vaults:1)
  A merfolk (Shoals:4)
  A fire elemental (Elf:1)
  An orc warrior (Depths:1)
  35 knights
  8 ancestors
  An orc wizard (Depths:1)
  4 foxfires (Abyss:4)
  30 fungi
  3 pillars of salt (Elf:1)
  169 plants
  16 starspawn tentacles
  7 tentacles (Shoals:3)
  4 withered plants (D:15)
283 creatures vanquished.

Grand Total: 2178 creatures vanquished

Notes
Turn   | Place    | Note
-------+----------+-------------------------------------------
     0 | D:1      | warriortoast the Barachi Warper began the quest for the
                  | Orb.
     0 | D:1      | Reached XP level 1. HP: 17/17 MP: 3/3
    78 | D:1      | Found Amufoi's Weapon Boutique.
   142 | D:1      | Found Erragg's Jewellery Shoppe.
   147 | D:1      | Reached XP level 2. HP: 22/23 MP: 5/5
   206 | D:1      | Found Jutij's Jewellery Shop.
   345 | D:1      | Found Laagain's Antique Armour Shop.
   398 | D:1      | Reached skill level 2 in Armour
   785 | D:2      | Reached XP level 3. HP: 28/29 MP: 6/6
  1502 | D:3      | Reached XP level 4. HP: 10/36 MP: 7/7
  1923 | D:3      | Reached skill level 3 in Armour
  2349 | D:3      | Noticed Jessica
  2356 | D:3      | Killed Jessica
  2357 | D:3      | Reached XP level 5. HP: 38/42 MP: 8/8
  2751 | D:4      | Noticed a phantom
  2772 | D:4      | Killed a phantom
  2784 | D:4      | Reached skill level 4 in Armour
  2784 | D:4      | Reached XP level 6. HP: 45/49 MP: 9/9
  2839 | D:4      | Found a glowing drain.
  2847 | Sewer    | Entered a sewer
  3158 | Sewer    | Reached skill level 5 in Fighting
  3402 | D:4      | Noticed a black bear
  3413 | D:4      | Killed a black bear
  3414 | D:4      | Reached XP level 7. HP: 54/56 MP: 10/10
  3522 | D:4      | Reached skill level 5 in Maces & Flails
  3534 | D:4      | Reached skill level 5 in Armour
  3851 | D:5      | Entered Level 5 of the Dungeon
  3925 | D:5      | Noticed Edmund
  4327 | D:5      | Killed Edmund
  4623 | D:5      | Noticed Dowan
  4666 | D:4      | Reached skill level 6 in Armour
  4666 | D:4      | Reached XP level 8. HP: 55/65 MP: 8/11
  4752 | D:5      | Noticed Duvessa
  4756 | D:5      | Killed Duvessa
  4767 | D:5      | Killed Dowan
  5176 | D:5      | Reached skill level 7 in Armour
  5513 | D:5      | Found a sparkling altar of Nemelex Xobeh.
  5572 | D:6      | Found a shadowy altar of Dithmenos.
  5605 | D:6      | Found a sand-covered staircase.
  5610 | Ossuary  | Entered an ossuary
  5949 | Ossuary  | Reached XP level 9. HP: 63/74 MP: 10/12
  6028 | D:6      | Found a broken altar of Ashenzari.
  6036 | D:6      | Saw a vision of the Shoals and the Spider Nest.
  6036 | D:6      | Noticed an orb spider
  6036 | D:6      | Noticed a wolf spider
  6036 | D:6      | Noticed an entropy weaver
  6036 | D:6      | Noticed a manticore
  6036 | D:6      | Noticed a merfolk avatar
  6036 | D:6      | Noticed a merfolk
  6036 | D:6      | Noticed a sea snake
  6036 | D:6      | Noticed a manticore
  6036 | D:6      | Noticed a wind drake
  6036 | D:6      | Noticed a pharaoh ant
  6036 | D:6      | Noticed a merfolk siren
  6037 | D:6      | Noticed an orb spider
  6037 | D:6      | Noticed a pharaoh ant
  6038 | D:6      | Noticed an orb spider
  6356 | D:6      | Reached skill level 8 in Armour
  6708 | D:6      | Found a staircase to the Ecumenical Temple.
  6713 | D:6      | Found a bloodstained altar of Trog.
  6724 | Temple   | Entered the Ecumenical Temple
  6805 | Temple   | Became a worshipper of Hepliaklqana the Forgotten
  7871 | D:7      | Reached skill level 9 in Armour
  8496 | D:7      | Reached XP level 10. HP: 85/85 MP: 13/13
  8685 | D:7      | Reached skill level 10 in Fighting
  8818 | D:8      | Found a runed translucent gate.
  8818 | D:8      | Found a runed translucent gate.
  8818 | D:8      | Found a runed translucent gate.
  8895 | D:8      | Found an opulent altar of Gozag.
  8896 | D:8      | Noticed a cyclops
  8896 | D:8      | Noticed 2FriedEggs's ghost (novice DgEE)
  8971 | D:8      | Reached * piety under Hepliaklqana
  8998 | D:7      | Reached skill level 10 in Armour
  9436 | D:8      | Found a basalt altar of Yredelemnul.
  9589 | D:8      | Noticed a two-headed ogre
  9716 | D:8      | Reached skill level 10 in Maces & Flails
 10272 | D:8      | Noticed a cyclops
 10299 | D:9      | Reached skill level 11 in Armour
 10579 | D:8      | Killed a cyclops
 10580 | D:8      | Reached XP level 11. HP: 83/83 MP: 12/14
 10725 | D:8      | Noticed a cyclops
 10771 | D:8      | Killed a cyclops
 10980 | D:8      | Noticed a cyan ugly thing
 11282 | D:8      | Killed a two-headed ogre
 11283 | D:8      | Reached skill level 12 in Armour
 11511 | D:8      | Noticed a manticore
 11511 | D:8      | Noticed a cyan ugly thing
 11564 | D:8      | Noticed a deep elf pyromancer
 11754 | D:9      | Noticed a two-headed ogre
 11820 | D:8      | Killed a deep elf pyromancer
 11946 | D:8      | Found a sacrificial altar of Ru.
 12077 | D:8      | Killed a cyan ugly thing
 12084 | D:8      | Killed a manticore
 12552 | D:8      | Killed a two-headed ogre
 12959 | D:9      | Reached ** piety under Hepliaklqana
 12960 | D:9      | Remembered your ancestor Amenemopet as a knight
 13111 | D:9      | Noticed Erica
 13117 | D:9      | Killed Erica
 13118 | D:9      | Reached skill level 13 in Armour
 13167 | D:10     | Entered Level 10 of the Dungeon
 13180 | D:10     | Reached XP level 12. HP: 94/94 MP: 15/15
 13397 | D:10     | Found a glowing golden altar of the Shining One.
 13575 | D:10     | Found a staircase to the Lair.
 13600 | D:10     | Found a snail-covered altar of Cheibriados.
 13676 | D:10     | Noticed Snorg
 13688 | D:10     | Killed Snorg
 13847 | D:10     | Reached *** piety under Hepliaklqana
 14822 | D:11     | Reached **** piety under Hepliaklqana
 15139 | D:12     | Noticed a boulder beetle
 15155 | D:12     | Killed a boulder beetle
 15287 | D:12     | Found a sacrificial altar of Ru.
 16604 | D:12     | Reached skill level 14 in Armour
 16806 | D:12     | Found a staircase to the Orcish Mines.
 17258 | Lair:1   | Entered Level 1 of the Lair of Beasts
 17299 | Lair:1   | Found a frozen archway.
 17333 | IceCv    | Entered an ice cave
 17643 | IceCv    | Gained mutation: You can hop long distances. [Barachi
                  | growth]
 17643 | IceCv    | Reached XP level 13. HP: 102/102 MP: 16/16
 17864 | IceCv    | Reached skill level 5 in Throwing
 17871 | IceCv    | Found the +4 skin of Zhor {*Englaciate rC+++ SInv}
 18231 | IceCv    | Reached skill level 15 in Fighting
 18802 | IceCv    | Reached skill level 15 in Armour
 19165 | Lair:1   | Reached skill level 1 in Shields
 19221 | Lair:1   | Reached ***** piety under Hepliaklqana
 20174 | D:1      | Bought the ring "Ijuakoufru" {rF++ rN+ Str+6 Int+2 Stlth-}
                  | for 675 gold pieces
 20992 | Lair:2   | Reached XP level 14. HP: 111/111 MP: 17/17
 21118 | Lair:2   | Found a staircase to the Shoals.
 21324 | Lair:3   | Reached skill level 5 in Shields
 21449 | Lair:3   | Found a hole to the Spider Nest.
 21659 | Lair:3   | Found a dark tunnel.
 21667 | Volcano  | Entered a volcano
 22213 | Lair:3   | Reached skill level 16 in Armour
 22999 | Lair:4   | Reached ****** piety under Hepliaklqana
 23210 | Lair:5   | Entered Level 5 of the Lair of Beasts
 24303 | Lair:5   | Found a viscous altar of Jiyva.
 24303 | Lair:5   | Found a staircase to the Slime Pits.
 24467 | Lair:5   | Reached XP level 15. HP: 89/118 MP: 18/18
 24876 | Lair:5   | Found a corrupted altar of Lugonu.
 24876 | Lair:5   | Found a one-way gate to the infinite horrors of the Abyss.
 25444 | D:13     | Noticed Urug
 25444 | D:13     | Noticed Rupert
 25444 | D:13     | Found a gate to the Vaults.
 25543 | D:13     | Reached skill level 10 in Shields
 25737 | D:12     | Paralysed by Rupert for 5 turns
 25801 | D:11     | Upgraded the game from 0.30-a0-629-gd54f4be4f7 to
                  | 0.30-a0-632-g346586fe48
 25951 | D:12     | Killed Rupert
 25952 | D:12     | Reached skill level 17 in Armour
 26011 | Orc:1    | Entered Level 1 of the Orcish Mines
 26073 | D:13     | Killed Urug
 26272 | D:13     | Noticed Jorgrun
 26561 | Orc:1    | Noticed Maurice
 26565 | Orc:1    | Killed Maurice
 26772 | Orc:2    | Entered Level 2 of the Orcish Mines
 27138 | Orc:2    | Learned a level 4 spell: Manifold Assault
 27142 | Orc:2    | Learned a level 3 spell: Vhi's Electric Charge
 27159 | Orc:2    | Noticed an orc warlord
 27250 | Orc:2    | Found Heeblin's CLEARANCE SALE!.
 27263 | Orc:2    | Found a staircase to the Elven Halls.
 27298 | Orc:2    | Found Qysynn's General Store.
 27565 | Orc:1    | Killed an orc warlord
 27649 | Orc:2    | Bought a potion of curing for 51 gold pieces
 27649 | Orc:2    | Bought a scroll of identify for 34 gold pieces
 27697 | Orc:2    | Found Vofotawu's Antique Armour Emporium.
 27713 | Orc:2    | Bought a glowing helmet for 232 gold pieces
 27817 | Orc:2    | Found Ujinunid's Antique Weapon Boutique.
 27820 | Orc:2    | Found Esiloez's Antique Armour Shop.
 27833 | Orc:2    | Bought a dazzling dire flail for 189 gold pieces
 27833 | Orc:2    | Identified the +4 dire flail of the Orb {flame, rC+++ Str+5
                  | Int-2 Dex-3} (You bought it in a shop on level 2 of the
                  | Orcish Mines)
 28204 | Orc:1    | Noticed Nergalle
 28215 | Orc:1    | Killed Nergalle
 28466 | D:8      | Killed 2FriedEggs's ghost
 28467 | D:8      | Reached skill level 5 in Translocations
 28634 | Shoals:1 | Entered Level 1 of the Shoals
 28705 | Shoals:1 | Identified the +2 war axe of Gegid {pain, Will+ Int+3}
 29112 | Shoals:1 | Reached skill level 5 in Spellcasting
 29120 | Shoals:1 | Reached XP level 16. HP: 126/128 MP: 23/23
 29211 | Shoals:1 | Reached skill level 18 in Armour
 29717 | Shoals:1 | Identified the +1 chain mail of Intax {Str-2 Slay+3 SInv}
 29719 | Shoals:1 | Got the Codex of the Hyperborean Gathering
 30761 | D:13     | Killed Jorgrun
 32231 | D:15     | Entered Level 15 of the Dungeon
 32415 | D:15     | Found a staircase to the Depths.
 32595 | D:15     | Reached XP level 17. HP: 32/137 MP: 28/28
 32939 | D:15     | Reached skill level 19 in Armour
 33212 | Elf:1    | Entered Level 1 of the Elven Halls
 33226 | Elf:1    | Found Jefo's Weapon Shoppe.
 33260 | Elf:1    | Found Munanoq's Distillery.
 33260 | Elf:1    | Found Zorabem's Jewellery Emporium.
 33263 | Elf:1    | Found Gyam's Antique Weapon Emporium.
 33277 | Elf:1    | Bought a potion of resistance for 140 gold pieces
 33277 | Elf:1    | Bought a potion of curing for 42 gold pieces
 33277 | Elf:1    | Bought a potion of haste for 140 gold pieces
 33277 | Elf:1    | Bought a potion of heal wounds for 70 gold pieces
 33720 | Elf:1    | Found a crumbling gateway.
 33757 | Desolati | Entered the Desolation of Salt
 34212 | Desolati | Reached skill level 10 in Translocations
 34291 | Desolati | Identified the ring "Vixuk" {EV+5 Dex+3}
 34291 | Desolati | Identified the ring of Henotheism {rPois rF+ rC+}
 34921 | Shoals:2 | Reached XP level 18. HP: 138/145 MP: 31/31
 35902 | Shoals:3 | Reached skill level 20 in Armour
 36948 | Shoals:4 | Entered Level 4 of the Shoals
 36952 | Shoals:4 | Paralysed by an air elemental for 1 turns
 36955 | Shoals:4 | Paralysed by an air elemental for 1 turns
 36956 | Shoals:4 | Reached skill level 10 in Spellcasting
 36958 | Shoals:3 | Paralysed by an air elemental for 1 turns
 36992 | Shoals:4 | Paralysed by an air elemental for 1 turns
 36994 | Shoals:4 | Paralysed by an air elemental for 1 turns
 37413 | Shoals:4 | Paralysed by an air elemental for 1 turns
 37416 | Shoals:4 | Paralysed by an air elemental for 1 turns
 37421 | Shoals:4 | Paralysed by an air elemental for 1 turns
 37425 | Shoals:4 | Paralysed by an air elemental for 1 turns
 37427 | Shoals:4 | Paralysed by an air elemental for 1 turns
 37639 | Shoals:4 | Paralysed by an air elemental for 1 turns
 38745 | Shoals:4 | Noticed a titan
 38754 | Shoals:4 | Killed a titan
 38782 | Shoals:4 | Paralysed by an air elemental for 1 turns
 39232 | Shoals:4 | Got Iwaleuh's Cyclopedia of Hypothermia
 39239 | Shoals:4 | Got a barnacled rune of Zot
 39555 | Shoals:4 | Paralysed by an air elemental for 1 turns
 40061 | Spider:1 | Entered Level 1 of the Spider Nest
 40760 | Spider:1 | Reached XP level 19. HP: 138/152 MP: 33/33
 40875 | Spider:1 | Learned a level 2 spell: Blink
 41521 | Spider:1 | You fall into a shaft and drop 1 floor!
 41596 | Spider:2 | Noticed Mlioglotl
 41607 | Spider:2 | Killed Mlioglotl
 41608 | Spider:2 | Noticed Agnes
 41611 | Spider:2 | Noticed Aizul
 41611 | Spider:2 | Noticed Arachne
 41951 | Spider:2 | Killed Agnes
 42470 | Spider:2 | Killed Arachne
 42745 | Spider:2 | Reached skill level 21 in Armour
 42929 | Spider:2 | Killed Aizul
 46270 | Spider:4 | Entered Level 4 of the Spider Nest
 49016 | Spider:4 | Identified the +2 hat "Taisas" {rF+ Dex+2}
 49048 | Spider:4 | Got a gossamer rune of Zot
 49870 | D:1      | Bought the +1 cloak of Starlight {*Dazzle EV+4 Stlth--} for
                  | 640 gold pieces
 49870 | D:1      | Found the +1 cloak of Starlight {*Dazzle EV+4 Stlth--}
 50515 | Elf:1    | Reached XP level 20. HP: 160/160 MP: 10/37
 50749 | Elf:1    | Reached skill level 15 in Shields
 51292 | Vaults:1 | Entered Level 1 of the Vaults
 52259 | Vaults:1 | Found a runed translucent door.
 52259 | Vaults:1 | Noticed Mycling's ghost (veteran DsFi)
 52357 | Vaults:1 | Paralysed by a yaktaur for 3 turns
 53255 | Vaults:1 | Killed Mycling's ghost
 53627 | Vaults:2 | Paralysed by a sphinx for 4 turns
 54303 | Vaults:2 | Identified the +3 plate armour of Noon {rElec rN+ Str+2}
 54318 | Vaults:2 | Reached skill level 22 in Armour
 54558 | Vaults:2 | Noticed a bone dragon
 54575 | Vaults:2 | Killed a bone dragon
 54817 | Vaults:2 | Found a staircase to the Crypt.
 54836 | Vaults:2 | Found Moagenod's Antique Weapon Shop.
 55876 | Vaults:2 | Reached skill level 15 in Spellcasting
 55878 | Vaults:2 | Reached XP level 21. HP: 168/168 MP: 23/40
 57064 | Abyss:2  | Cast into level 2 of the Abyss (a wizard)
 57100 | Abyss:2  | Found a corrupted altar of Lugonu.
 57471 | Vaults:3 | Escaped the Abyss
 58159 | Abyss:3  | Noticed an ancient lich
 58159 | Abyss:3  | Cast into level 3 of the Abyss (a wizard)
 58171 | Abyss:3  | Killed an ancient lich
 58172 | Abyss:3  | Reached skill level 15 in Translocations
 58186 | Abyss:3  | Noticed a bone dragon
 58193 | Abyss:3  | Killed a bone dragon
 58272 | Abyss:3  | Noticed a bone dragon
 58306 | Abyss:4  | Found a corrupted altar of Lugonu.
 58352 | Abyss:4  | Found a corrupted altar of Lugonu.
 58419 | Abyss:4  | Found a corrupted altar of Lugonu.
 58449 | Abyss:4  | Noticed a bone dragon
 58581 | Abyss:4  | Noticed a bone dragon
 58599 | Abyss:4  | Killed a bone dragon
 58600 | Abyss:4  | Reached skill level 23 in Armour
 58609 | Vaults:3 | Escaped the Abyss
 58846 | Vaults:3 | Paralysed by a sphinx for 2 turns
 58889 | Vaults:3 | Noticed Margery
 59130 | Vaults:2 | Killed Margery
 59353 | Vaults:3 | Paralysed by a great orb of eyes for 2 turns
 59361 | Vaults:3 | Reached XP level 22. HP: 174/178 MP: 1/41
 60525 | D:1      | Bought an embroidered scarf for 168 gold pieces
 60863 | Depths:1 | Entered Level 1 of the Depths
 60863 | Depths:1 | Noticed Saint Roka
 60874 | Depths:1 | Noticed the Enchantress
 61031 | D:15     | Killed the Enchantress
 61535 | D:15     | Paralysed by something for 4 turns
 61721 | D:15     | Killed Saint Roka
 62194 | Depths:1 | Found a one-way gate leading to the halls of Pandemonium.
 62712 | Depths:1 | Reached skill level 24 in Armour
 63480 | Depths:1 | Found a gateway to Hell.
 63734 | Depths:2 | Found a transporter.
 63770 | Depths:2 | Found a corrupted altar of Lugonu.
 65120 | Depths:2 | Found a one-way gateway to a ziggurat.
 65120 | Depths:2 | Noticed a dread lich
 65428 | Depths:2 | Found a transporter.
 65593 | Depths:2 | Paralysed by accursed screaming for 1 turns
 65601 | Depths:2 | Reached XP level 23. HP: 117/188 MP: 10/42
 65992 | Depths:2 | Identified the amulet "Rieppy" {Spirit rF+++}
 66242 | Depths:3 | Noticed a golden dragon
 66382 | Depths:3 | Killed a golden dragon
 67097 | Depths:3 | Reached skill level 25 in Armour
 67259 | Depths:3 | Noticed a golden dragon
 67268 | Depths:3 | Killed a golden dragon
 67434 | Depths:3 | Noticed a golden dragon
 67437 | Depths:3 | Identified the ring "Juqouj" {rN+ Will+ Dex+4}
 67444 | Depths:3 | Killed a golden dragon
 67446 | Depths:3 | You fall into a shaft and drop 1 floor!
 67446 | Depths:4 | Entered Level 4 of the Depths
 68158 | Depths:4 | Found a gate to the Realm of Zot.
 68355 | Depths:4 | Identified the +0 scale mail "Jid Vil" {+Inv Dex+3}
 68415 | Depths:4 | Found a glowing silver altar of Zin.
 68415 | Depths:4 | Found a glowing golden altar of the Shining One.
 68415 | Depths:4 | Found a white marble altar of Elyvilon.
 68499 | Depths:4 | Noticed a golden dragon
 68505 | Depths:4 | Killed a golden dragon
 68519 | Depths:4 | Killed from afar by an ice dragon

Illustrated notes

Levels and vault maps discovered:
D:1:      psy_arrival_basics, layout_loops_ring, serial_glass, glass_columns_b,
          glass_columns_a, glass_columns_a, glass_columns_b, glass_columns_a,
          serial_shops, nicolae_shop_trees, shop, shop, shop, minmay_distorted
D:2:      layout_loops_ring
D:3:      layout_basic, serial_rivers, chequers_serial_rivers_small_3,
          chequers_serial_rivers_micro_d, chequers_serial_rivers_small_b,
          chequers_serial_rivers_room_b, uniq_jessica
D:4:      layout_basic, portal_sewer_entry_e
D:5:      layout_cave_pools, nemelex_diamond_rough_becter, serial_park,
          serial_park_square2, serial_park_tiny_pond, serial_park_tiny_2,
          uniq_edmund, uniq_duvessa
D:6:      layout_gridville, nicolae_dithmenos_the_darkroom,
          overflow_temple_1_default, grunt_ashenzari_visionary
          [grunt_ashenzari_visionary_shoals, grunt_ashenzari_visionary_spider],
          minmay_temple_entry_statues_fountains, enter_ossuary_2
D:7:      layout_loops_ring
D:8:      nzn_winding_woodlands_large [nzn_winding_woodlands_5x5_default,
          nzn_winding_woodlands_5x15_parted, nzn_winding_woodlands_5x5_default,
          nzn_winding_woodlands_center_triple_pond,
          nzn_winding_woodlands_15x15_killbox,
          nzn_winding_woodlands_center_lodge,
          nzn_winding_woodlands_5x5_checkerboard,
          nzn_winding_woodlands_5x15_longhouse,
          nzn_winding_woodlands_5x5_open_star], layout_basic, lemuel_tele_altar,
          kennysheep_mini, ebering_ghost_gozag, kennysheep_cluttered_room
D:9:      layout_rooms, nicolae_titane, uniq_erica
D:10:     layout_grid_maze, mainiacjoe_overflow_alcove_1, marbit_many_paths,
          lair_entry_dummy, uniq_snorg
D:11:     layout_small_grid, kennysheep_generic_room_14
D:12:     layout_basic, david_orc_5, nicolae_ru_awakened_eye
D:13:     dreamdust_cave_troll, layout_rooms, david_vaults_3,
          chequers_serial_rivers_room_a, uniq_jorgrun
D:14:     layout_loops_ring
D:15:     gammafunk_depths_entry_grave, layout_basic,
          nicolae_kite_square_tiling_tiny
Temple:   nicolae_temple_bog_church
Lair:1:   layout_chaotic_city, portal_ice_cave_rime,
          chequers_serial_rivers_small_3, grunt_megastairs_1,
          lemuel_fruit_fields
Lair:2:   layout_small_grid, shoals_dummy_entry
Lair:3:   layout_chaotic_city, nicolae_spider_entry_non_spiders,
          nicolae_volcano_entry_hallway, kennysheep_basilisk_garden,
          serial_bayou_shore_b, lemuel_fruit_tree
Lair:4:   layout_long_grid, chequers_serial_rivers_marsh, uniq_urug
Lair:5:   hellmonk_lair_end_abyssal_woods, layout_layer_cave, slime_entry_1,
          serial_bayou_pond_c, infiniplex_staircase_pool_2
Shoals:1: layout_shoals, nicolae_shoals_raging_river
Shoals:2: layout_shoals, nicolae_shoals_pincushion_passage
Shoals:3: layout_shoals, hangedman_shoal_volcano
Shoals:4: shoals_end_hellmonk_storm_palace [storm_palace_center_ruins,
          storm_palace_corner_pillars, storm_palace_corner_narrow,
          storm_palace_corner_blocked, storm_palace_corner_reverse_hut]
Spider:1: layout_cave_pods
Spider:2: layout_spider_delve, uniq_mlioglotl, uniq_arachne, uniq_agnes,
          uniq_aizul
Spider:3: layout_spider_delve
Spider:4: spider_rune_water, nicolae_spider_twisty_arc_passages
Orc:1:    layout_caves, basic_altar, mines_bat_river, uniq_maurice,
          uniq_nergalle
Orc:2:    grunt_orc_community_town_hall, layout_caves,
          grunt_orc_community_big_house_2, grunt_orc_community_big_house_1,
          grunt_orc_community_house_3, grunt_orc_community_house_2,
          grunt_orc_community_house_1, grunt_orc_community_house_3,
          grunt_orc_community_house_3, grunt_orc_community_house_2,
          nicolae_shop_clearance
Elf:1:    layout_geoelf_octagon, portal_desolation_entry_garden,
          minmay_elf_crystal_heptagon, laboratory, minmay_shoptagon
Vaults:1: gammafunk_ghost_grave, ontoclasm_vaults_misaligned,
          nicolae_vaults_network_star, v_rooms_5, nicolae_vaults_asterisk,
          vaults_room_semicircle, vaults_dpeg_spiral, grunt_vaults_swirl,
          v_pattern_1, nicolae_vaults_angled_halls, vaults_room_corners,
          nicolae_vaults_little_squares_3, layout_vaults_ring
Vaults:2: vaults_mumra_hexcomb, v_misc_5, nicolae_vaults_network_barrier,
          hangedman_vaults_hat, st_lines, vaults_room_fours, v_alt_pattern_5,
          v_misc_24, ontoclasm_vaults_twist, serial_ice_b, v_misc_22,
          minmay_crypt_entry_nasty_monster, layout_vaults_omnibox, serial_shops,
          nicolae_shop_behind_doors
Vaults:3: v_misc_14, v_misc_32, v_misc_16, hangedman_vaults_locks,
          nicolae_vaults_network_quincunx
          [nicolae_vaults_network_quincunx_subvault,
          nicolae_vaults_network_quincunx_subvault,
          nicolae_vaults_network_quincunx_subvault,
          nicolae_vaults_network_quincunx_subvault,
          nicolae_vaults_network_quincunx_subvault], v_alt_pattern_2, v_misc_27,
          vaults_room_large_hall, vaults_room_pool, vaults_room_boxed,
          ontoclasm_vaults_misaligned, ontoclasm_vaults_idyll, st_cells,
          vaults_dpeg_doors, layout_vaults_maze_bifur, uniq_margery
Depths:1: layout_cave_pools, grunt_hell_horde, patterned_corridor,
          grunt_pan_entry_sceptre, lemuel_old_faithful, uniq_saint_roka,
          uniq_enchantress
Depths:2: gammafunk_corrupted_shrine, layout_gridlike, enter_ziggurat_d,
          pf_hell_entry_tar_river, wad_floor_pattern_2, rand_demon_pan_entry_5
Depths:3: nicolae_fronds_of_death, layout_cave_pools,
          abyss_entry_small_statue_room, minmay_misc_feat_rows,
          grunt_hell_entry_dis_grunt, infiniplex_staircase_x,
          serial_bayou_shore_a
Depths:4: evilmike_zot_entry_hall, layout_gridlike, good_gods_mini_temple,
          hell_entry

Skill      XL: |  1  2  3  4  5  6  7  8  9 10 11 12 13 14 15 16 17 18 19 20 21 22 23 |
---------------+----------------------------------------------------------------------+-----
Armour         | 2 3 4 6 7 9 11 13 14 15 16 17 18 19 20 21 22 23 24 25 | 25.3
Fighting       | 3 4 5 6 8 9 11 13 14 15 16 18 19 20 21 22 24 | 24.8
Maces & Flails | 3 4 6 7 9 10 12 13 14 | 14.0
Throwing       | 4 6 8 |  8.0
Shields        | 4 9 10 11 12 13 14 16 17 18 19 | 19.9
Spellcasting   | 5 7 9 10 13 15 | 15.0
Translocations | 6 8 10 11 13 14 15 | 15.0
Dodging        | |  2.1

Action                   |  1- 3 |  4- 6 |  7- 9 | 10-12 | 13-15 | 16-18 | 19-21 | 22-24 || total
-------------------------+-------+-------+-------+-------+-------+-------+-------+-------++-------
Melee: Mace              |   124 |    51 |       |       |       |       |       |       ||   175
       Punch             |     2 |     1 |     2 |     5 |     6 |       |       |       ||    16
       Whip              |       |   173 |    85 |       |       |       |       |       ||   258
       Flail             |       |       |   275 |   386 |   948 |   930 |  1376 |   834 ||  4749
Throw: Dart              |       |     8 |    42 |   268 |   140 |    68 |       |       ||   526
       Boomerang         |       |       |     4 |    12 |    44 |   117 |   106 |    65 ||   348
       Javelin           |       |       |    10 |    16 |     4 |   106 |   101 |       ||   237
 Cast: Manifold Assault  |       |       |       |       |       |    98 |   416 |   272 ||   786
       Blink             |       |       |       |       |       |       |    19 |       ||    19
Invok: Recall Ancestor   |       |       |       |     8 |    11 |     4 |    11 |     6 ||    40
       Ancestor Life: Kn |       |       |       |     1 |       |       |       |       ||     1
 Abil: Hop               |       |     2 |     4 |    10 |     8 |     9 |     8 |     3 ||    44
Evoke: Wand              |       |       |     8 |    11 |     2 |       |       |       ||    21
  Use: Potion            |     1 |       |     1 |     1 |    10 |     7 |     5 |     5 ||    30
       Scroll            |       |     3 |    11 |    13 |    12 |    17 |    17 |     1 ||    74
 Stab: Sleeping          |       |       |     1 |       |       |       |       |       ||     1
       Paralysed         |       |       |     3 |     4 |       |       |       |       ||     7
       Distracted        |       |       |       |     6 |    10 |    19 |     9 |     6 ||    50
       Invisible         |       |       |       |       |     1 |       |     5 |     7 ||    13
       Held in net/web   |       |       |       |       |       |       |     1 |       ||     1
Armor: Leather armour    |    40 |    47 |    23 |       |       |       |       |       ||   110
       Scale mail        |       |       |   164 |   114 |       |       |       |       ||   278
       Chain mail        |       |       |       |   109 |    53 |       |       |       ||   162
       Crystal plate arm |       |       |       |       |   862 |   916 |   582 |   277 ||  2637
Dodge: Dodged            |    82 |   188 |   314 |   376 |   429 |   514 |   495 |   203 ||  2601
Block: Buckler           |       |       |       |       |   109 |   422 |   293 |       ||   824
       Kite shield       |       |       |       |       |    56 |   152 |       |       ||   208
       Tower shield      |       |       |       |       |       |       |   272 |   459 ||   731

Table legend: (Time is in decaauts)
 A = Elapsed time spent in this place.
 B = Non-inter-level travel time spent in this place.
 C = Inter-level travel time spent in this place.
 D = Time resting spent in this place.
 E = Time spent auto-exploring this place.
 F = Levels seen in this place.
 G = Mean time per level.
                   A        B        C        D        E       F      G
               +--------+--------+--------+--------+--------+-----+--------+
         Total |  75520 |  69002 |   6518 |  24847 |  29539 |  47 | 1606.8 |
       Dungeon |  26285 |  22120 |   4165 |   6630 |  10789 |  15 | 1752.3 |
        Temple |    117 |     99 |     18 |      0 |     73 |   1 |  117.0 |
          Lair |   6837 |   5890 |    947 |    701 |   3793 |   5 | 1367.4 |
        Shoals |   7722 |   7407 |    315 |   2897 |   2903 |   4 | 1930.5 |
   Spider Nest |   9727 |   9447 |    280 |   5258 |   3122 |   4 | 2431.8 |
  Orcish Mines |   2546 |   2221 |    325 |    298 |   1306 |   2 | 1273.0 |
   Elven Halls |   1908 |   1807 |    101 |    422 |    918 |   1 | 1908.0 |
        Vaults |   8482 |   8232 |    250 |   3671 |   3138 |   3 | 2827.3 |
        Depths |   7234 |   7120 |    114 |   3701 |   2215 |   4 | 1808.5 |
         Abyss |    979 |    979 |      0 |    115 |    151 |   3 |  326.3 |
         Sewer |    483 |    483 |      0 |    116 |    170 |   1 |  483.0 |
       Ossuary |    479 |    479 |      0 |     36 |    176 |   1 |  479.0 |
      Ice Cave |   1697 |   1697 |      0 |    679 |    533 |   1 | 1697.0 |
       Volcano |    358 |    358 |      0 |    100 |     92 |   1 |  358.0 |
    Desolation |    660 |    660 |      0 |    221 |    153 |   1 |  660.0 |
               +--------+--------+--------+--------+--------+-----+--------+

Top non-repeatable levels by time:
Vaults:2: 3410 daAuts
    D:12: 3397 daAuts
     D:8: 3380 daAuts
Shoals:4: 3111 daAuts
Spider:4: 3091 daAuts
Depths:2: 2622 daAuts
Vaults:1: 2600 daAuts
Spider:3: 2500 daAuts
Vaults:3: 2470 daAuts
Depths:1: 2350 daAuts
Spider:1: 2342 daAuts
    D:10: 2117 daAuts
  Lair:5: 2029 daAuts
   Elf:1: 1908 daAuts
    D:15: 1853 daAuts
